Map: Catalyst LE

Players

Neuro - Winner!

  • Race: Zerg Zerg
  • League: Master
  • Spawn Location: 5:00

ArwinGG

  • Race: Terran Terran
  • League: Master
  • Spawn Location: 11:00

VOD

Have the link to the VOD?

Description

Time

  • Played on: Nov. 14, 2017, 6:09 p.m.
  • Length: 16:21
Show
View Real Time Build Order
Export as new Build Order

Neuro Zerg - Winner!

Build Orders: Pool First, Swarm Host 

Get SALT Encoding   

  12  0:01  Drone  
  13  0:13  Overlord  
  13  0:17  Drone  
  14  0:31  Drone  
  14  0:32  Drone  
  14  0:35  Drone  
  17  0:45  Extractor  
  17  0:49  Spawning Pool  
  15  0:50  Drone  
  15  0:57  Drone  
  17  1:07  Drone  
  18  1:18  Hatchery  
  18  1:22  Drone  
  18  1:33  Overlord  
  18  1:40  Queen  
  18  1:45  Zergling x2  
  21  1:50  Metabolic Boost  
  21  1:54  Zergling x2  
  22  2:07  Drone  
  23  2:13  Drone  
  24  2:17  Queen  
  24  2:22  Drone  
  27  2:30  Overlord  
  27  2:32  Queen  
  29  2:44  Drone x2  
  29  2:46  Drone  
  29  2:51  Drone x2  
  34  2:52  Pneumatized Carapace  
  34  2:59  Drone x3  
  37  3:08  Drone  
  38  3:17  Hatchery  
  38  3:19  Drone  
  38  3:24  Drone x3  
  41  3:27  Overlord  
  41  3:29  Drone  
  41  3:33  Overlord  
  42  3:37  Drone x2  
  44  3:47  Drone x4  
  48  3:50  Queen  
  50  3:59  Roach Warren  
  50  4:01  Evolution Chamber, Zergling x4  
  50  4:06  Extractor  
  50  4:07  Drone x2  
  50  4:09  Extractor  
  50  4:17  Drone x4  
  50  4:24  Queen  
  54  4:26  Overlord x2  
  54  4:29  Zerg Ground Armor Level 1  
  56  4:40  Overlord x2  
  56  4:43  Overlord  
  56  4:47  Roach  
  56  4:48  Roach x2  
  56  4:50  Roach  
  64  4:58  Zergling x12  
  70  5:09  Roach x4  
  70  5:13  Zergling x6  
  81  5:25  Drone x7  
  88  5:28  Lair  
  88  5:40  Ravager x2  
  88  5:41  Ravager, Overlord  
  88  5:42  Overlord x2  
  90  5:50  Spine Crawler  
  90  5:52  Overlord  
  89  5:59  Queen  
  76  6:12  Roach x4  
  76  6:13  Roach  
  76  6:17  Zergling x10  
  79  6:21  Roach x5  
  79  6:25  Roach x3  
  89  6:28  Zergling x4  
  86  6:34  Roach  
  85  6:40  Ravager x2  
  85  6:41  Roach  
  83  6:48  Roach x3  
  87  6:57  Queen  
  89  7:03  Glial Reconstitution  
  89  7:07  Hatchery  
  88  7:25  Drone x8  
  88  7:29  Zerg Missile Weapons Level 1  
  95  7:31  Drone  
  94  7:42  Drone x5  
  94  7:43  Overseer  
  99  7:50  Overlord  
  99  7:59  Drone  
  100  8:09  Overlord x4  
  100  8:11  Extractor, Drone x4  
  103  8:16  Hydralisk Den  
  102  8:26  Extractor  
  101  8:27  Drone x3  
  101  8:30  Roach  
  101  8:31  Roach x3, Burrow  
  101  8:32  Extractor, Tunneling Claws, Zergling x2  
  112  8:36  Roach x3  
  120  8:41  Roach x2  
  122  8:49  Muscular Augments, Overlord  
  122  8:51  Drone  
  122  8:53  Drone  
  122  8:55  Drone, Hatchery  
  124  8:56  Drone x2  
  124  9:02  Hydralisk x3  
  132  9:16  Roach x7  
  144  9:41  Drone x7  
  144  9:45  Zerg Missile Weapons Level 2  
  150  9:46  Infestation Pit  
  150  9:47  Overseer  
  149  9:56  Queen  
  149  9:58  Overlord x4  
  151  10:10  Extractor  
  150  10:14  Extractor  
  150  10:17  Drone  
  150  10:22  Roach  
  150  10:23  Roach x13  
  150  10:25  Ravager  
  150  10:26  Ravager  
  180  10:33  Roach  
  180  10:34  Roach x3, Hydralisk x6  
  192  10:41  Overlord x3  
  171  11:03  Hydralisk x8  
  172  11:05  Drone x7  
  172  11:08  Roach x2  
  172  11:09  Roach x2  
  152  11:22  Hatchery  
  151  11:26  Roach  
  147  11:34  Hive  
  147  11:40  Swarm Host  
  147  11:41  Swarm Host x7  
  169  11:54  Overlord  
  167  12:03  Zerg Ground Armor Level 2  
  167  12:09  Swarm Host  
  167  12:10  Swarm Host  
  173  12:20  Hatchery  
  172  12:23  Extractor  
  165  12:32  Overlord  
  165  12:40  Hydralisk x8  
  181  12:52  Roach  
  181  12:53  Viper x3  
  181  12:55  Overseer  
  190  13:02  Drone x7  
  194  13:32  Hydralisk x3  
  200  13:44  Extractor  
  199  13:57  Extractor  
  199  13:59  Spire  
  197  14:23  Ultralisk Cavern  
  196  14:28  Drone x3  
  157  14:46  Roach, Hydralisk x13  
  157  14:49  Hydralisk x8  
  157  14:50  Hydralisk x3  
  186  14:54  Hydralisk x6  
  186  14:59  Hydralisk  
  196  15:27  Hydralisk x2  
  196  15:28  Hydralisk  
  199  15:30  Roach  
  199  15:33  Hydralisk x4  
  196  15:53  Hydralisk x3  
Show
View Real Time Build Order
Export as new Build Order

ArwinGG Terran 

Build Orders:  

Get SALT Encoding   

  12  0:01  SCV  
  13  0:13  SCV  
  14  0:18  Supply Depot  
  14  0:25  SCV  
  15  0:30  Refinery  
  15  0:40  SCV  
  16  0:46  Barracks  
  16  0:55  SCV  
  17  1:08  SCV  
  18  1:20  SCV  
  19  1:34  Marine  
  19  1:35  Orbital Command  
  20  1:53  Command Center, Marine  
  21  2:04  Factory  
  21  2:11  SCV  
  21  2:12  Barracks Reactor  
  22  2:18  Supply Depot  
  22  2:25  SCV  
  22  2:26  Refinery  
  23  2:40  SCV  
  24  2:51  Armory  
  24  2:52  SCV  
  25  3:00  Hellion x2  
  25  3:04  SCV  
  30  3:07  Factory  
  30  3:16  Barracks Reactor  
  30  3:18  SCV  
  31  3:24  Hellion x2  
  35  3:31  Orbital Command  
  35  3:34  SCV  
  35  3:40  Terran Vehicle Weapons Level 1  
  36  3:46  SCV  
  37  3:49  Hellion  
  39  4:04  SCV  
  39  4:05  SCV  
  39  4:07  Cyclone  
  44  4:15  Hellion  
  46  4:23  Supply Depot  
  46  4:31  Supply Depot  
  46  4:38  Supply Depot  
  46  4:45  SCV, Cyclone x2  
  53  4:50  SCV  
  54  4:53  Hellion, Cyclone  
  54  4:57  SCV  
  60  5:02  SCV  
  61  5:07  Refinery  
  61  5:10  Supply Depot  
  61  5:14  Cyclone  
  61  5:17  Hellion  
  61  5:19  Cyclone  
  69  5:22  SCV  
  70  5:32  Hellion  
  70  5:33  SCV  
  73  5:39  Hellion  
  75  5:43  Command Center  
  75  5:44  SCV  
  76  5:54  SCV  
  77  5:57  SCV  
  78  6:08  Cyclone  
  78  6:09  Cyclone  
  78  6:10  SCV, Cyclone  
  75  6:13  Refinery  
  75  6:17  SCV  
  63  6:26  Hellion  
  63  6:31  SCV  
  66  6:38  SCV  
  67  6:40  Hellion  
  67  6:42  Hellion  
  67  6:45  Factory  
  67  6:46  Supply Depot  
  71  6:47  Factory, Hellion  
  71  6:50  SCV  
  74  6:56  Supply Depot  
  74  7:01  SCV  
  75  7:09  Supply Depot  
  75  7:15  Supply Depot  
  75  7:24  SCV x2  
  77  7:36  SCV  
  76  7:40  Factory Tech Lab  
  76  7:41  Factory Tech Lab  
  76  7:44  Orbital Command  
  76  7:45  SCV  
  76  7:48  SCV  
  78  7:57  SCV  
  77  8:01  Thor  
  83  8:14  Thor  
  89  8:22  SCV x2  
  91  8:29  Hellion x3  
  91  8:33  Infernal Pre-Igniter  
  97  8:40  SCV x2  
  99  8:42  Hellion  
  99  8:44  Hellion  
  103  8:54  Hellion x2, SCV  
  108  8:57  Refinery x2  
  108  9:01  Terran Vehicle Weapons Level 2  
  108  9:04  SCV  
  109  9:10  Factory  
  109  9:18  Hellion x2  
  109  9:19  Siege Tank  
  116  9:36  Siege Tank  
  120  9:38  SCV x2  
  120  9:39  SCV  
  120  9:43  Factory  
  120  9:44  Supply Depot x2  
  122  9:46  Supply Depot  
  122  9:50  SCV  
  123  9:54  Siege Tank  
  123  9:55  Factory Tech Lab  
  123  9:58  Smart Servos  
  126  10:03  Starport  
  126  10:04  Starport  
  126  10:09  Siege Tank  
  126  10:10  SCV x2  
  131  10:18  Siege Tank  
  131  10:21  Hellion x2  
  138  10:26  Siege Tank  
  138  10:28  Hellion  
  143  10:41  Factory Tech Lab  
  143  10:42  Siege Tank  
  146  10:50  SCV, Siege Tank  
  135  11:01  Siege Tank  
  135  11:02  Siege Tank  
  135  11:03  Hellion  
  135  11:04  Hellion x2  
  115  11:05  SCV x2  
  115  11:07  SCV  
  115  11:10  Starport Tech Lab x2  
  97  11:15  Siege Tank  
  97  11:17  SCV x2  
  89  11:19  SCV  
  89  11:23  Thor  
  96  11:29  SCV  
  96  11:30  SCV  
  96  11:31  SCV  
  99  11:41  SCV  
  99  11:43  SCV x2, Siege Tank x2  
  108  11:53  Thor  
  114  11:55  Hellbat  
  114  11:56  Hellbat  
  118  12:04  Terran Vehicle Weapons Level 3  
  118  12:05  Raven  
  120  12:11  Raven  
  120  12:15  Corvid Reactor  
  122  12:21  SCV  
  123  12:24  Siege Tank  
  123  12:25  Hellbat  
  123  12:26  SCV, Hellbat x2  
  133  12:33  Supply Depot x2  
  133  12:40  Thor  
  139  12:47  Hellion x8  
  139  12:48  Hellbat x3  
  139  12:49  Hellbat  
  147  12:53  Raven  
  149  13:00  Raven  
  149  13:04  Hellion x2  
  148  13:23  Hellbat x4  
  154  13:28  Command Center  
  154  13:33  Hellbat  
  154  13:34  Siege Tank, Hellbat  
  161  13:35  Raven  
  161  13:41  Armory  
  163  13:43  Raven  
  163  13:56  Factory Tech Lab  
  163  13:58  Hellbat x2  
  163  14:01  Thor  
  163  14:02  Thor  
  173  14:21  Raven  
  175  14:25  Hellbat  
  175  14:26  Factory Tech Lab, Hellbat  
  148  14:43  Siege Tank  
  148  14:44  Hellbat x2  
  148  14:45  Siege Tank x2  
  106  14:53  Siege Tank, Hellbat x2  
  106  14:58  SCV x3  
  103  15:06  Raven  
  104  15:11  Hellbat  
  104  15:12  Hellbat  
  107  15:15  Siege Tank  
  107  15:16  Barracks  
  100  15:31  Siege Tank  
  100  15:32  Hellbat x3  
  105  15:40  Siege Tank  
  108  15:48  Hellbat x2  
  108  16:00  Hellbat x3  
Tags
 
Composition
Swarm Host
Matchup
TvZ
Opening
Pool First
Spawn Locations
Cross Positions
Add a new tag
Caveats
  • Supply blocks, unpowered buildings, or Contaminate may cause inaccurate times.
  • Supply counts are checked every 10 seconds.